 Dungeon Crawl Stone Soup version 0.31.0-11-ge490571c62 (webtiles) character file.

Game seed: 114878132780752561

214 qw the Skirmisher (level 5, -10/29 HPs)
             Began as a Deep Elf Hunter on Feb 4, 2024.
             Mangled by a sleepcap (19 damage)
             ... on level 3 of the Dungeon.
             The game lasted 00:00:08 (2551 turns).

qw the Skirmisher (Deep Elf Hunter)                 Turns: 2551, Time: 00:00:09

Health: -10/29     AC:  3    Str: 10    XL:     5   Next: 60%
Magic:  7/7        EV:  2    Int: 14    God:
Gold:   130        SH:  0    Dex: 18    Spells: 4/4 levels left

rFire   . . .        a - +0 shortbow
rCold   . . .        (shield currently unavailable)
rNeg    . . .        c - +0 leather armour
rPois   .            (no helmet)
rElec   .            (no cloak)
rCorr   .            (no gloves)
SInv    .            (no boots)
Will    .....        (no amulet)
Stlth   ++           (no ring)
HPRegen 0.24/turn    (no ring)
MPRegen 0.10/turn

%: no passive effects
@: sleeping
A: no striking features
a: no special abilities


You were on level 3 of the Dungeon.
You visited 1 branch of the dungeon, and saw 3 of its levels.

You collected 130 gold pieces.


   Skills:
 - Level 1.5 Fighting
 - Level 9.0 Ranged Weapons
 + Level 2.8 Dodging
 - Level 1.2 Stealth


You had 4 spell levels left.
You didn't know any spells.
Your spell library was empty.

Inventory:

Hand Weapons
 a - a +0 shortbow (weapon)
Armour
 c - a +0 leather armour (worn)
 g - a +0 scale mail
 h - a +0 ring mail
Wands
 i - a wand of iceblast (8)
Potions
 b - a potion of enlightenment
 d - 2 potions of heal wounds
 e - a potion of magic {unknown}
 f - a potion of lignification {unknown}

Dungeon Overview and Level Annotations

Branches:
Dungeon (3/15)

Altars:
Cheibriados

Shops:
D:3 =


Message History

The arrow hits the sleepcap but does no damage.
The sleepcap is moderately damaged.
You shoot an arrow.
The arrow hits the sleepcap but does no damage.
The sleepcap is moderately damaged.
You shoot an arrow. The arrow hits the sleepcap.
The sleepcap is heavily damaged.
You shoot an arrow. The arrow hits the sleepcap.
The sleepcap is heavily damaged.
The sleepcap releases spores at you.
You are engulfed in a cloud of soporific spores!
You fall asleep.
The sleepcap barely misses you. The sleepcap releases spores at you!
You wake up.
You shoot an arrow.
The arrow hits the sleepcap but does no damage.
The sleepcap is heavily damaged.
The sleepcap releases spores at you.
You are engulfed in a cloud of soporific spores!
You are unaffected.
You shoot an arrow. The arrow hits the sleepcap.
The sleepcap is severely damaged.
The sleepcap barely misses you.
You shoot an arrow. The arrow hits the sleepcap.
The sleepcap is severely damaged.
The sleepcap releases spores at you.
You are engulfed in a cloud of soporific spores!
You are unaffected.
You shoot an arrow. The arrow hits the sleepcap.
The sleepcap is almost destroyed.
The sleepcap misses you.
You shoot an arrow.
The arrow hits the sleepcap but does no damage.
The sleepcap is almost destroyed.
The sleepcap releases spores at you.
You are engulfed in a cloud of soporific spores!
You fall asleep.
The sleepcap releases spores at you!!
Ouch! That really hurt!
You die...

#.# ##........#.....7#. .
#.# #.........¤¤~~~..#.#.
#.# #.....####.~~~¤~.#.#.
#.#####.....###..~~~¤~\#.#.
#................~~~~¤.#.#.
##########........¤~¤¤.#...
#.######.....7#.#. #.#
########... #@# #......###.
#f# ###.#.#..... ..#
##.[...#.#... ....
#.......###.. ....#
#............ .....#
#.......###.. #.....##
#.....(.# #..
#.....##.#.......# #..
#...#..######..


You could see a sleepcap.

Vanquished Creatures
  A bullfrog (D:3)
  A bombardier beetle (D:3)
  5 adders
  5 dart slugs
  5 bats
  3 endoplasms
  5 hobgoblins
  12 kobolds
  8 quokkas
  3 ball pythons
  3 frilled lizards
  3 goblins
  7 rats
61 creatures vanquished.

Notes
Turn   | Place    | Note
-------+----------+-------------------------------------------
     0 | D:1      | qw the Deep Elf Hunter began the quest for the Orb.
     0 | D:1      | Reached XP level 1. HP: 12/12 MP: 3/3
     0 | D:1      | 0 ||| qw: Version: 0.3-a-160-g6735b56
     0 | D:1      | 0 ||| qw: Game counter: 5781
     0 | D:1      | 0 ||| qw: Melee chars always use a shield: true
     0 | D:1      | 0 ||| qw: God list: Okawaru
     0 | D:1      | 0 ||| qw: Allow faded altars: false
     0 | D:1      | 0 ||| qw: Do Orc after clearing Dungeon:15 true
     0 | D:1      | 0 ||| qw: Do second Lair branch before Depths: true
     0 | D:1      | 0 ||| qw: Lair rune preference: random
     0 | D:1      | 0 ||| qw: Goals: Normal
     0 | D:1      | 0 ||| PLANNING D:1-11
    26 | D:1      | 26 ||| DROPPING scroll of butterflies.
   100 | D:1      | Reached XP level 2. HP: 16/16 MP: 4/4
   126 | D:1      | Reached skill level 6 in Ranged Weapons
   603 | D:1      | 603 ||| READING scroll labelled FIMEHY FETZE.
   604 | D:1      | 604 ||| READING scroll labelled LIET ANEPU SIE.
   604 | D:1      | 604 ||| IDENTIFYING metallic yellow potion
   605 | D:1      | 605 ||| READING scroll labelled FIBAVE XOENLUM.
   680 | D:2      | Reached XP level 3. HP: 10/20 MP: 5/5
   682 | D:2      | HP: 5/20 [adder (2)]
   683 | D:2      | HP: 2/20 [rat (1)]
   833 | D:2      | Reached skill level 7 in Ranged Weapons
   942 | D:2      | Found a snail-covered altar of Cheibriados.
   949 | D:2      | Reached XP level 4. HP: 25/25 MP: 6/6
  1684 | D:2      | 1684 ||| READING scroll labelled VEXOAGGATAH.
  1727 | D:2      | 1727 ||| DRINKING 3 purple potions.
  1917 | D:3      | Reached skill level 8 in Ranged Weapons
  1932 | D:3      | Noticed a bullfrog
  1936 | D:3      | Killed a bullfrog
  1937 | D:3      | Reached XP level 5. HP: 29/29 MP: 7/7
  2043 | D:3      | Reached skill level 9 in Ranged Weapons
  2426 | D:3      | Found Cinom's Jewellery Shoppe.
  2436 | D:3      | 2436 ||| SHOPLISTING +4 ring of protection (504 gold, have
                  | 130).
  2436 | D:3      | 2436 ||| SHOPLISTING +5 ring of evasion (504 gold, have
                  | 130).
  2436 | D:3      | 2436 ||| SHOPLISTING ring of protection from cold (350
                  | gold, have 130).
  2436 | D:3      | 2436 ||| SHOPLISTING ring of resist corrosion (280 gold,
                  | have 130).
  2551 | D:3      | Mangled by a sleepcap

Levels and vault maps discovered:
D:1:      amcnicky_arrival_flooded_fountain, layout_loops_ring, glass_columns_a,
          minmay_misc_feat_chi
D:2:      layout_basic, basic_altar, roderic_serpentine_path
D:3:      layout_basic, serial_shops, nicolae_lakefront_shop, kennysheep_potato

Skill      XL: |  1  2  3  4  5 |
---------------+----------------+-----
Ranged Weapons | 6 7 8 9 |  9.0
Fighting       | |  1.5
Dodging        | |  2.8
Stealth        | |  1.2

Action                     |  1- 3 |  4- 6 || total
---------------------------+-------+-------++-------
   Fire: Shortbow          |   100 |    99 ||   199
    Use: Scroll            |     3 |     1 ||     4
         Potion            |       |     1 ||     1
 Armour: Leather armour    |    26 |    13 ||    39
  Dodge: Dodged            |    26 |    16 ||    42

Table legend:
 A = Non-vault XP
 B = Vault XP
 C = Vault XP percentage of total XP
 D = Non-vault monster count
 E = Vault monster count
 F = Vault count percentage of total count
                 A         B        C        D         E       F
            +---------+---------+-------+---------+---------+-------
      Total |     289 |      18 |   5.9 |      59 |       2 |   3.3
            +---------+---------+-------+---------+---------+-------
        D:1 |      38 |       0 |   0.0 |      22 |       0 |   0.0
        D:2 |      78 |       0 |   0.0 |      21 |       0 |   0.0
        D:3 |     173 |      18 |   9.4 |      16 |       2 |  11.1
            +---------+---------+-------+---------+---------+-------
